 Dungeon Crawl Stone Soup version 0.18.1-48-g4cf74bf (webtiles) character file.

1057 Joat the Stinger (level 8, 0/51 HPs)
             Began as an Octopode Transmuter on Sept 3, 2016.
             Was a Believer of Sif Muna.
             Slain by Nadrilmar's ghost (4 damage)
             ... on level 4 of the Dungeon on Sept 4, 2016.
             The game lasted 00:37:03 (6187 turns).

Joat the Stinger (Octopode Transmuter)              Turns: 6187, Time: 00:37:03

Health: 0/51       AC:  1    Str: 10    XL:     8   Next: 27%
Magic:  17/23      EV: 13    Int: 18    God:    Sif Muna [**....]
Gold:   157        SH:  5    Dex: 14    Spells: 3 memorised, 8 levels left

rFire  . . .     SeeInvis .       - Unarmed
rCold  . . .     Gourm    .     (no shield)
rNeg   . . .     Faith    .     (helmet restricted)
rPois  .         Spirit   .     d - +5 amulet of reflection
rElec  .         Dismiss  .     e - ring of magical power
rCorr  .         Reflect  +     i - +3 ring of intelligence
SustAt .         Harm     .     (no ring)
MR     .....                    (no ring)
Stlth  ++........               (no ring)
                                (no ring)
                                (no ring)
                                (no ring)

@: very slightly contaminated, hasted, very quick, not resistant to hostile
enchantments, unstealthy
A: almost no armour, amphibious, 8 rings, constrict 8, camouflage 1, gelatinous
body 1
a: Channel Energy, Renounce Religion


You were on level 4 of the Dungeon.
You worshipped Sif Muna.
Sif Muna was pleased with you.
You were not hungry.

You visited 1 branch of the dungeon, and saw 4 of its levels.
You also visited: Sewer.

You collected 157 gold pieces.

Inventory:

Missiles
 a - 126 arrows
 k - 6 javelins of penetration (quivered)
Jewellery
 d - a +5 amulet of reflection (around mantle)
 e - a ring of magical power (left tentacle)
 i - a +3 ring of intelligence (right tentacle)
 x - an uncursed ring of fire
Scrolls
 f - 3 scrolls of enchant weapon
 l - a scroll of blinking
 m - 3 scrolls of teleportation
 o - a scroll of fog
 w - a scroll of magic mapping
Potions
 q - 2 potions of brilliance
 t - a potion of mutation
 u - a potion of might
Books
 b - a book of Changes

   Spells                             Type                      Level
   a - Beastly Appendage              Transmutation                1
   b - Sticks to Snakes               Transmutation                2
   c - Spider Form                    Transmutation/Poison         3
   d - Ice Form                       Ice/Transmutation            4
   e - Blade Hands                    Transmutation                5
Comestibles
 c - 5 bread rations
 g - 16 chunks of flesh
 h - a royal jelly
 p - 2 meat rations


   Skills:
 + Level 2.4 Fighting
 + Level 3.0 Dodging
 * Level 3.8 Unarmed Combat
 + Level 4.5 Spellcasting
 + Level 4.5 Transmutations
 + Level 3.4 Ice Magic
 - Level 4.9 Poison Magic


You had 8 spell levels left.
You knew the following spells:

 Your Spells              Type           Power        Failure   Level  Hunger
a - Beastly Appendage     Trmt           ###...       1%          1    None
c - Ice Form              Ice/Trmt       ###.....     28%         4    ####...
v - Spider Form           Trmt/Pois      ###.......   10%         3    ###....


Dungeon Overview and Level Annotations

Branches:
Dungeon (4/15)
 Temple: D:4-7

Altars:
Elyvilon
Nemelex Xobeh
Sif Muna
Yredelemnul

Annotations:
D:4 Nadrilmar's ghost, amateur DECj


Innate Abilities, Weirdness & Mutations

You cannot wear most types of armour.
You are amphibious.
You can wear up to eight rings at the same time.
You can use your tentacles to constrict eight enemies at once.
Your skin changes colour to match your surroundings (Stealth).
Your rubbery body absorbs attacks (AC +1).


Message History

* * * LOW HITPOINT WARNING * * *
The orb of energy explodes!
Drink which item? (? for menu, Esc to quit)
It was a potion of cancellation.
Your magical effects are unravelling.
Your magical contamination has completely faded away.
You feel magically purged.
Nadrilmar's ghost hits you but does no damage.
Drink which item? (? for menu, Esc to quit)
It was a potion of haste.
You feel yourself speed up.
You warm up again.
Nadrilmar's ghost hits you.
* * * LOW HITPOINT WARNING * * *
Nadrilmar's ghost freezes you.
* * * LOW HITPOINT WARNING * * *
You are very lightly contaminated with residual magic.
Drink which item? (? for menu, Esc to quit)
It was a potion of cure mutation.
It has a very clean taste.
Nadrilmar's ghost hits you.
You die...

##≈≈≈≈≈.≈≈##....###).## #.......
###########..##.#.#...####.####..
#####.....#####.#.#..............
..........#.# #.#.#...####.######
.....#...##.###.................[
####.#...##.#.#.........##'######
#.#...##.#.##.............#...
####......#.......#..........####
...#.#.##.......@....>#......####
...#.#.##...#)##W................
........).........#.###.......##.
....##.##..#...............(.....
##..##....................##..##.
###.##.##.......#..#####.........
....##.##^##..#.#..#####.###..#..
....##.##.##))#.#...........)....
....##....##[.#.#..#.....###..#..


You could see Nadrilmar's ghost.

Vanquished Creatures
  Edmund (D:4)
  Duvessa (D:4)
  A centaur (D:3)
  Dowan (D:4)
  2 hounds (D:2)
  3 orc priests (D:4)
  An iguana (D:3)
  Jessica (D:3)
  Terence (D:2)
  2 worker ants (D:4)
  3 orc wizards (D:4)
  Robin (D:4)
  10 adders
  7 gnolls (D:2)
  3 worms
  2 dart slugs
  10 giant geckos
  14 orcs
  5 ball pythons
  4 giant cockroaches
  13 goblins
  13 hobgoblins
  17 jackals
  3 quokkas
  A ball python skeleton (D:4)
  11 bats
  11 giant newts
  13 kobolds
  14 rats
  3 plants (Sewer)
172 creatures vanquished.

Notes
Turn   | Place    | Note
--------------------------------------------------------------
     0 | D:1      | Joat the Octopode Transmuter began the quest for the Orb.
     0 | D:1      | Reached XP level 1. HP: 13/13 MP: 3/3
   340 | D:1      | Reached XP level 2. HP: 11/18 MP: 5/5
  1220 | D:1      | Reached XP level 3. HP: 15/23 MP: 6/6
  1919 | D:2      | Reached XP level 4. HP: 28/30 MP: 7/7
  1932 | D:2      | Learned a level 3 spell: Spider Form
  1970 | D:2      | Found a deep blue altar of Sif Muna.
  1973 | D:2      | Became a worshipper of Sif Muna the Loreminder
  2037 | D:2      | Found a sparkling altar of Nemelex Xobeh.
  2108 | D:2      | Found a basalt altar of Yredelemnul.
  2131 | D:2      | Reached skill level 1 in Poison Magic
  2281 | D:3      | Noticed Jessica
  2326 | D:2      | Reached XP level 5. HP: 23/35 MP: 8/8
  2679 | D:2      | Reached XP level 6. HP: 36/41 MP: 10/10
  2725 | D:2      | Learned a level 4 spell: Ice Form
  2758 | D:2      | Noticed Terence
  2764 | D:2      | Killed Terence
  2764 | D:2      | Reached * piety under Sif Muna
  3290 | D:3      | Killed Jessica
  3297 | D:3      | Reached XP level 7. HP: 40/45 MP: 12/12
  3857 | D:4      | Found a white marble altar of Elyvilon.
  4221 | D:4      | Found a glowing drain.
  4225 | Sewer    | Entered a sewer
  5127 | D:4      | Noticed Dowan
  5140 | D:4      | Noticed Robin
  5206 | D:4      | Killed Robin
  5215 | D:4      | Reached skill level 1 in Ice Magic
  5521 | D:4      | Noticed Duvessa
  5573 | D:4      | Killed Duvessa
  5588 | D:4      | Killed Dowan
  5588 | D:4      | Reached XP level 8. HP: 13/51 MP: 14/14
  5734 | D:4      | Noticed Nadrilmar's ghost (amateur DECj)
  5742 | D:4      | Noticed Edmund
  5761 | D:4      | Killed Edmund
  6064 | D:4      | Reached ** piety under Sif Muna
  6187 | D:4      | Slain by Nadrilmar's ghost

Skill      XL: |  1  2  3  4  5  6  7  8 |
---------------+-------------------------+-----
Fighting       | 2 |  2.4
Dodging        | 3 |  3.0
Poison Magic   | 1 3 4 |  4.9
Spellcasting   | 3 4 |  4.5
Transmutations | 3 4 |  4.5
Ice Magic      | 2 3 |  3.4
Unarmed Combat | |  3.8

Action                   |  1- 3 |  4- 6 |  7- 9 || total
-------------------------+-------+-------+-------++-------
Melee: Unarmed           |    92 |   146 |   284 ||   522
       Constrict         |    32 |    21 |    44 ||    97
       Tentacles         |    13 |    16 |    22 ||    51
       Kick              |    12 |     6 |    10 ||    28
       Punch             |     2 |     5 |     6 ||    13
 Cast: Beastly Appendage |     9 |     7 |     5 ||    21
       Spider Form       |       |    10 |    11 ||    21
       Ice Form          |       |       |     1 ||     1
  Use: Scroll            |       |       |    12 ||    12
       Potion            |       |       |     7 ||     7
 Stab: Sleeping          |     2 |     4 |     7 ||    13
  Eat: Chunk             |     3 |     6 |    11 ||    20
Armor: Skin              |     2 |     8 |    10 ||    20
Dodge: Dodged            |    62 |   106 |   108 ||   276
Block: Other             |     7 |    30 |    39 ||    76
       Reflection        |     1 |     2 |     1 ||     4
